[Event "Early-Titled-Tuesday-Blitz-June-18-2024"]
[Site "Chess.com"]
[Date "2024.06.18"]
[Round "11"]
[White "Chempiblinka"]
[Black "andrzej"]
[Result "1-0"]
[WhiteElo "2372"]
[BlackElo "2450"]
[TimeControl "180+1"]
[EndTime "10:08:06 PDT"]
[Termination "Chempiblinka won on time"]

1. Nf3 d5 2. g3 c5 3. Bg2 Nc6 4. O-O e5 5. d3 Be7 6. c4 d4 7. e3 h5 8. exd4 exd4 9. Bf4 h4 10. Re1 Kf8 11. Ne5 Nxe5 12. Rxe5 Nf6 13. Nd2 Bd6 14. Qe2 Bxe5 15. Qxe5 Rh5 16. Qe2 Bg4 17. f3 Be6 18.
Re1 h3 19. Bh1 Qd7 20. Be5 Rh6 21. g4 Rg6 22. Kf2 Re8 23. Rg1 b5 24. b3 bxc4 25. bxc4 Qa4 26. g5 Nd7 27. Bd6+ Kg8 28. Ne4 Bf5 29.
Bg3 Rxg5 30. Rb1 Nf6 31. Nxf6+ gxf6 32. Qd2 Re3 33. Bf4 Rxd3 34. Rb8+ Kh7 35. Qe2 Rg2+ 36. Bxg2 hxg2 37. Kxg2 Rc3 38. Qf2 Rc2 39. Bd2 Rxd2 40. Qxd2 Qc2 41. Qxc2 Bxc2 42. Kf2 Kg6 43. Rc8 Bb1 44.
a3 1-0

[Event "Early-Titled-Tuesday-Blitz-June-18-2024"]
[Site "Chess.com"]
[Date "2024.06.18"]
[Round "11"]
[White "SpongeBob_03"]
[Black "JunjiCol"]
[Result "1-0"]
[WhiteElo "2232"]
[BlackElo "2319"]
[TimeControl "180+1"]
[EndTime "10:08:06 PDT"]
[Termination "SpongeBob_03 won by resignation"]

1. e4 e5 2. Nf3 d5 3. Nxe5 Nf6 4. d4 Bd6 5. Bg5 dxe4 6. Nc3 O-O 7. Bc4 Nbd7 8.
Nxd7 Bxd7 9. Nd5 Be7 10. Nxe7+ Qxe7 11. Qe2 h6 12. Bf4 Qb4+ 13. c3 Qb6 14. O-O Bg4 15.
Qe3 Bf5 16. Be5 Ng4 17. Qf4 Nxe5 18. Qxe5 Bg6 19. b3 Rfe8 20. Qg3 Qf6 21. Rfe1 Rac8 22. Re3 c5 23. dxc5 Rxc5 24. a4 a6 25. Rd1 b5 26.
axb5 axb5 27. Rd6 Qg5 28. Rxg6 Qxg3 29. Rexg3 bxc4 30. Rxg7+ Kh8 31. bxc4 Rxc4 32. Rxf7 Rec8 33. Rf6 Kh7 34. Rgg6 Rxc3 35. Rxh6+ Kg7 36. h3 e3 37.
Rfg6+ Kf7 38. Rf6+ Kg7 39. fxe3 Rxe3 40. Rfg6+ Kf7 41. Ra6 Rc7 42. Rh7+ Kg8 43. Rxc7 1-0

[Event "Early-Titled-Tuesday-Blitz-June-18-2024"]
[Site "Chess.com"]
[Date "2024.06.18"]
[Round "11"]
[White "GothamChess"]
[Black "Mikozovna"]
[Result "0-1"]
[WhiteElo "2761"]
[BlackElo "2652"]
[TimeControl "180+1"]
[EndTime "10:08:09 PDT"]
[Termination "Mikozovna won by resignation"]

1. e4 d6 2. d4 g6 3. Nf3 c6 4. Bd3 Nf6 5. h3 b5 6. O-O Nbd7 7. e5 dxe5 8. dxe5 Nd5 9. e6 fxe6 10. Re1 N7f6 11. Ne5 Qd6 12. c4 Nb4 13. c5 Qxc5 14.
Nc3 Qd6 15. Nxb5 cxb5 16. Bxb5+ Bd7 17. Nxd7 Nxd7 18. Qb3 Nd5 19. Qa4 Bg7 20. Bd2 Nb6 21. Qb3 Qd5 22. Qb4 O-O 23. Bxd7 Qxd7 24. Rad1 Qd4 25.
Qxe7 Qxf2+ 26. Kh1 Rae8 27. Qxa7 Nc4 28. Be3 Nxe3 29.
Rxe3 Qxb2 30. Qa6 Qf2 31. Rxe6 Rd8 32. Rde1 Kh8 33. Qc4 Rd2 34. Qc6 Qg3 35. Rg1 Bd4 36.
Rd6 Bxg1 37. Qc3+ Qxc3 0-1

[Event "Early-Titled-Tuesday-Blitz-June-18-2024"]
[Site "Chess.com"]
[Date "2024.06.18"]
[Round "11"]
[White "IMRosen"]
[Black "Muracle"]
[Result "1-0"]
[WhiteElo "2772"]
[BlackElo "2597"]
[TimeControl "180+1"]
[EndTime "10:08:09 PDT"]
[Termination "IMRosen won by checkmate"]

1. e4 c6 2. d4 d5 3. exd5 cxd5 4. c3 Nc6 5. Bd3 Nf6 6. Bf4 Bg4 7. Nf3 e6 8. O-O Bd6 9. Bxd6 Qxd6 10. Nbd2 O-O 11.
Qe1 Nd7 12. Nh4 e5 13. dxe5 Ndxe5 14. Bf5 Rae8 15. Qb1 Qh6 16. Bxg4 Nxg4 17. Nhf3 Nxh2 18. Nxh2 Qxd2 19. Rd1 Qf4 20. Rxd5 Re2 21. Rf5 Qd2 22. Nf1 Qxb2 23. Ng3 Rc2 24. Ne4 Re8 25. Nd6 Re7 26.
Qxb2 Rxb2 27. a4 b6 28. Rd1 g6 29. Rf3 Ne5 30. Re3 Nc6 31. Rf3 Ra2 32. Rf4 Rd7 33.
Rd3 Ne5 34. Rdd4 Ra1+ 35. Kh2 g5 36. Rfe4 Nc6 37. Nf5 Rd8 38. Rxd8+ Nxd8 39. Re8# 1-0

[Event "Early-Titled-Tuesday-Blitz-June-18-2024"]
[Site "Chess.com"]
[Date "2024.06.18"]
[Round "11"]
[White "HouseOfDurin"]
[Black "dealshark"]
[Result "1-0"]
[WhiteElo "2320"]
[BlackElo "2424"]
[TimeControl "180+1"]
[EndTime "10:08:09 PDT"]
[Termination "HouseOfDurin won by checkmate"]

1. d4 Nf6 2. Bg5 d5 3. Bxf6 exf6 4. e3 Nd7 5. c4 dxc4 6. Bxc4 f5 7. g3 Nf6 8. Nc3 Be7 9. Nge2 O-O 10. O-O Be6 11.
Qb3 Bxc4 12. Qxc4 Qd7 13. b4 c6 14. a3 a5 15. b5 Rfc8 16. Rfb1 Ne4 17. Qd3 cxb5 18. Nxb5 h5 19. h4 Rc6 20. Nbc3 Nxc3 21. Nxc3 Rac8 22. Ne2 Rg6 23. Nf4 Rgc6 24. Rb5 Rc3 25.
Qxf5 Rc1+ 26. Rxc1 Rxc1+ 27. Kg2 Qc6+ 28. Qd5 a4 29. Rxb7 Bxa3 30. Ra7 Qe8 31. Ng6 Bb4 32. Ne5 a3 33. Rxf7 Kh7 34. Qe4+ Kg8 35. Qg6 Qa8+ 36.
e4 Qe8 37. Qxg7# 1-0

[Event "Early-Titled-Tuesday-Blitz-June-18-2024"]
[Site "Chess.com"]
[Date "2024.06.18"]
[Round "11"]
[White "PLAYER_2006_M"]
[Black "alexrustemov"]
[Result "1-0"]
[WhiteElo "2971"]
[BlackElo "2860"]
[TimeControl "180+1"]
[EndTime "10:08:10 PDT"]
[Termination "PLAYER_2006_M won on time"]

1. d4 d5 2. c4 dxc4 3. Nf3 Nf6 4.
e3 e6 5. Bxc4 c5 6. O-O a6 7.
dxc5 Bxc5 8. Qxd8+ Kxd8 9. Be2 Ke7 10. Nfd2 Bd7 11. Nb3 Bd6 12. Na5 Bc6 13. Nd2 Bb4 14. Ndb3 Rc8 15. a3 Bxa5 16. Nxa5 Bd5 17. b3 b6 18. Nc4 b5 19. Nb6 Nbd7 20. Nxa8 Rxa8 21. Rb1 Nc5 22. Bd1 Nfe4 23. Rb2 Nd3 24. Rb1 Rc8 25. Be2 Ndc5 26. Bf3 Nc3 27. Rb2 Bxb3 28.
Bd2 N3a4 29. Rbb1 Bc4 30. Rfc1 Nd3 31. Rc2 f5 32. Bb7 Rb8 33. Bxa6 Nac5 34. Rxc4 Nxa6 35. Rc6 Nac5 36. Bb4 Nxb4 37. Rxb4 Ne4 38. f3 Nd6 39. a4 Ra8 40. axb5 Ra1+ 41. Kf2 Ra2+ 42. Kf1 Nb7 43. Rc7+ Kf6 44. Rxb7 1-0

[Event "Early-Titled-Tuesday-Blitz-June-18-2024"]
[Site "Chess.com"]
[Date "2024.06.18"]
[Round "11"]
[White "DanyKopy"]
[Black "rachidhuilda"]
[Result "1-0"]
[WhiteElo "2567"]
[BlackElo "2412"]
[TimeControl "180+1"]
[EndTime "10:08:10 PDT"]
[Termination "DanyKopy won on time"]

1. Nf3 d5 2. g3 Nf6 3. Bg2 Bf5 4. c4 c6 5. O-O e6 6. Qb3 Qb6 7. d3 Nbd7 8. Be3 Bc5 9. d4 Be7 10. c5 Qxb3 11. axb3 a6 12. b4 Rc8 13. Nbd2 h6 14. Nb3 Bd8 15. Bf4 O-O 16. Rfe1 Re8 17. Be5 Nxe5 18. dxe5 Ne4 19. Nfd4 Bg6 20. h4 f6 21. Nf3 Bc7 22. exf6 Nxf6 23. Bh3 Bf5 24. Bxf5 exf5 25. Nfd4 f4 26. gxf4 Bxf4 27. e3 Bc7 28. Kg2 Kh7 29. Rg1 Ne4 30. h5 Re5 31. Rh1 Rg5+ 32. Kf1 Rf8 33. f4 Rg3 34. Ke2 Rg2+ 35.
Kd3 Rxb2 36. Rhb1 Rh2 37. Ne6 Rf7 38. Rg1 Rb2 39. Rab1 1-0

[Event "Early-Titled-Tuesday-Blitz-June-18-2024"]
[Site "Chess.com"]
[Date "2024.06.18"]
[Round "11"]
[White "NM_Antelacus"]
[Black "Navyblue1"]
[Result "1/2-1/2"]
[WhiteElo "2299"]
[BlackElo "2186"]
[TimeControl "180+1"]
[EndTime "10:08:12 PDT"]
[Termination "Game drawn by repetition"]

1. e4 c5 2. Nf3 d6 3. d4 cxd4 4. Nxd4 Nf6 5. Nc3 a6 6. f3 e5 7.
Nb3 h5 8. Be3 Be6 9. Qd2 Be7 10.
Nd5 Nxd5 11. exd5 Bf5 12. c4 Nd7 13. Bd3 Bxd3 14. Qxd3 g6 15. f4 exf4 16. Bxf4 O-O 17. O-O Rc8 18. Rac1 b6 19. Qg3 Nc5 20. Nxc5 bxc5 21.
Rc2 Rb8 22. Re2 Rb7 23. b3 Rd7 24. Rf3 Bf6 25. Kh1 Bd4 26. Bg5 Qc7 27. Rf1 Be5 28. Bf4 Bxf4 29. Qxf4 Re7 30. Rfe1 Rfe8 31. Re4 Rxe4 32. Rxe4 Rxe4 33. Qxe4 Qd7 34. h3 Kg7 35.
Qf4 Qe7 36. Qd2 f6 37. a3 Qb7 38. Qc3 Kf7 39. b4 cxb4 40. axb4 Qc7 41. c5 dxc5 42. bxc5 Qe5 43. Qd3 Qe1+ 44. Kh2 Qe5+ 45. Kg1 Qe1+ 46. Kh2 Qe5+ 47. Kg1 Qe1+ 48. Kh2 1/2-1/2

[Event "Early-Titled-Tuesday-Blitz-June-18-2024"]
[Site "Chess.com"]
[Date "2024.06.18"]
[Round "11"]
[White "Iball95"]
[Black "aeiiuu"]
[Result "1-0"]
[WhiteElo "2837"]
[BlackElo "2639"]
[TimeControl "180+1"]
[EndTime "10:08:13 PDT"]
[Termination "Iball95 won by resignation"]

1. e4 c5 2. Nf3 e6 3. Nc3 a6 4. d4 cxd4 5. Nxd4 Qc7 6. Bd3 Nf6 7. O-O b5 8. Re1 d6 9. a4 b4 10. Na2 d5 11. e5 Nfd7 12. Bd2 Bc5 13. Nf3 Nc6 14. Qe2 O-O 15. c3 bxc3 16. Nxc3 f5 17. Rac1 Qb6 18. a5 Qa7 19. Na4 Nd4 20. Nxd4 Bxd4 21.
Bb4 Nxe5 22. Bxf8 Kxf8 23. Nb6 Nxd3 24. Nxc8 Nxc1 25. Qxe6 Bxf2+ 26. Kh1 Bxe1 27. Nxa7 Rxa7 28. Qxe1 Rc7 29. h4 Nd3 30. Qg3 Rc1+ 31. Kh2 Nc5 32. Qd6+ Kf7 33. Qxd5+ Kf6 34. Qd6+ Ne6 35. Qxa6 Rc2 36.
b4 f4 37. Qd3 Rf2 38. Kg1 Ra2 39. Qb3 Ra1+ 40. Kh2 Ke7 41. b5 f3 42. Qxf3 Rxa5 43. Qc6 Ra2 44. b6 Rb2 45. b7 Nf4 46. Qc7+ 1-0

[Event "Early-Titled-Tuesday-Blitz-June-18-2024"]
[Site "Chess.com"]
[Date "2024.06.18"]
[Round "11"]
[White "Flawless_Fighter"]
[Black "koncheto"]
[Result "1-0"]
[WhiteElo "2808"]
[BlackElo "2633"]
[TimeControl "180+1"]
[EndTime "10:08:14 PDT"]
[Termination "Flawless_Fighter won on time"]

1. e4 c5 2. Nf3 d6 3. Bb5+ Nc6 4.
O-O Bd7 5. Re1 a6 6. Bf1 Bg4 7. h3 Bxf3 8. Qxf3 g6 9. d3 Bg7 10. c3 Nf6 11. Be3 O-O 12. Nd2 Nd7 13. Qe2 b5 14. a3 a5 15. g3 b4 16. axb4 axb4 17. Rac1 Ra2 18. cxb4 Nxb4 19. b3 Ne5 20. Rb1 Nbxd3 21.
Red1 Nb4 22. h4 h5 23. Bg5 Qd7 24. Bg2 Nc2 25. Nc4 Nb4 26. Rd2 Rxd2 27. Qxd2 Qb7 28. Ra1 Nf3+ 29. Bxf3 Bxa1 30. Kg2 Qa7 31. g4 hxg4 32.
Bxg4 Nc6 33. h5 Ne5 34. Be2 Nxc4 35. Bxc4 Kh7 36. hxg6+ fxg6 37. Qe3 Rh8 38. Qf4 e5 39. Qh4+ 1-0

[Event "Early-Titled-Tuesday-Blitz-June-18-2024"]
[Site "Chess.com"]
[Date "2024.06.18"]
[Round "11"]
[White "DeArron_Fox"]
[Black "WilliamAlfaroCaracas"]
[Result "1-0"]
[WhiteElo "2465"]
[BlackElo "2354"]
[TimeControl "180+1"]
[EndTime "10:08:14 PDT"]
[Termination "DeArron_Fox won by resignation"]

1. d4 Nf6 2. c4 c5 3. d5 b5 4.
cxb5 a6 5. bxa6 g6 6. Nc3 Bg7 7. e4 O-O 8. a7 Rxa7 9. Nf3 e6 10. Be2 exd5 11. exd5 d6 12. O-O Re8 13. h3 Rae7 14. Bb5 Bd7 15. Bf4 Ne4 16. Bxd7 Nxd7 17. Qd3 Qb6 18.
Rab1 Ndf6 19. Rfe1 Qa5 20. Nxe4 Nxe4 21. a3 Qa4 22. Re3 h6 23. b3 Qxa3 24. Rbe1 f5 25. Bxd6 Rd7 26. Bf4 Qa8 27. d6 Qc6 28. Nd2 Bd4 29.
Nxe4 fxe4 30. Rxe4 Rxe4 31. Rxe4 Kf7 32. Qc4+ Kg7 33.
Re7+ Rxe7 34. dxe7 Qd7 35. Qe2 Kf7 36. Bxh6 Qxe7 37. Qxe7+ Kxe7 38. Be3 Ke6 39. Bxd4 cxd4 40. Kf1 Kd5 41. Ke2 Kc5 42. Kd3 Kb4 43. Kxd4 Kxb3 44. Ke5 Kc4 45. Kf6 Kd4 46. Kxg6 Ke4 47. h4 Kf4 48. h5 1-0

[Event "Early-Titled-Tuesday-Blitz-June-18-2024"]
[Site "Chess.com"]
[Date "2024.06.18"]
[Round "11"]
[White "edgarhay012"]
[Black "temus_galaktionov"]
[Result "0-1"]
[WhiteElo "2701"]
[BlackElo "2864"]
[TimeControl "180+1"]
[EndTime "10:08:15 PDT"]
[Termination "temus_galaktionov won by resignation"]

1. e4 c6 2. d4 g6 3. Nc3 Bg7 4. h4 d6 5. h5 Qb6 6. Nf3 Bg4 7. h6 Bf6 8. Be3 Qxb2 9. Na4 Qa3 10. c3 b5 11. e5 dxe5 12. Nc5 Bxf3 13. gxf3 Qxc3+ 14. Bd2 Qxd4 15. Nb3 Qd5 16. Rc1 Nd7 17. Qc2 Rc8 18. Bd3 Qe6 19. Bxb5 Nb8 20. Bd3 e4 21. Bxe4 Be5 22. Nc5 Qd6 23. Nb7 Qc7 24. Rb1 Nf6 25.
Ba5 Qd7 26. Nc5 Qd4 27. Rd1 Qb2 28. Qxb2 Bxb2 29. Bc2 Ba3 30. Nd3 Nbd7 31. Ke2 Nd5 32. Bb3 e6 33. Bd2 Ke7 34. Nf4 N7b6 35. Nxd5+ cxd5 36. Bg5+ f6 37. Be3 Rc7 38. f4 Rhc8 39. Bd4 f5 40. Be5 Bd6 41. Bd4 Bxf4 42. a4 Nc4 43.
Rd3 Na5 44. Bd1 Rb7 45. Bb2 Rxb2+ 46. Kf3 Bd6 47. Re1 Kf6 48. Kg2 Rc4 49. Be2 Re4 50. Re3 Rxe3 51. fxe3 Bb4 52. Rb1 0-1

[Event "Early-Titled-Tuesday-Blitz-June-18-2024"]
[Site "Chess.com"]
[Date "2024.06.18"]
[Round "11"]
[White "js20000"]
[Black "dosto07"]
[Result "1-0"]
[WhiteElo "2799"]
[BlackElo "2621"]
[TimeControl "180+1"]
[EndTime "10:08:15 PDT"]
[Termination "js20000 won by checkmate"]

1. e4 e5 2. Nf3 Nc6 3. Bc4 Bc5 4. d3 Nf6 5. O-O d6 6. a4 a6 7. c3 Ba7 8. Re1 Ng4 9. d4 O-O 10. h3 Nf6 11. Nbd2 exd4 12. Nf1 dxc3 13. bxc3 Be6 14. Bd3 Ne5 15. Bg5 h6 16. Bh4 g5 17. Bg3 Nfd7 18.
Nd4 Qf6 19. Ne3 Nxd3 20. Qxd3 Nc5 21. Qc2 Rfe8 22. a5 Rad8 23. Rab1 Qg6 24. Nef5 Bc8 25. e5 dxe5 26. Rxe5 Ne6 27. Rbe1 Kh7 28. Qa2 Bxd4 29. Nxd4 Bd7 30. Nf3 Nf4 31. Bxf4 gxf4 32. Re7 Rxe7 33. Rxe7 Be6 34. Qe2 Rg8 35. Nh4 Qf6 36. Rxc7 Qxh4 37. Qxe6 Rg7 38. Qf5+ Kh8 39. Rc8+ Rg8 40. Qe5+ f6 41.
Rxg8+ Kxg8 42. Qb8+ Kg7 43. Qxb7+ Kg6 44. Qxa6 Qg5 45.
Qd3+ Kg7 46. Qd7+ Kg6 47. a6 Qa5 48. a7 Qa1+ 49. Kh2 f3 50. Qe8+ Kf5 51. a8=Q Qxa8 52. g4+ Kf4 53. Qe3# 1-0

[Event "Early-Titled-Tuesday-Blitz-June-18-2024"]
[Site "Chess.com"]
[Date "2024.06.18"]
[Round "11"]
[White "Bob_2004"]
[Black "Zavgorodniy_Sergiy"]
[Result "0-1"]
[WhiteElo "2755"]
[BlackElo "2619"]
[TimeControl "180+1"]
[EndTime "10:08:15 PDT"]
[Termination "Zavgorodniy_Sergiy won on time"]

1. d4 Nf6 2. c4 e6 3. Nc3 Bb4 4. f3 Nc6 5. e4 e5 6. a3 Bxc3+ 7.
bxc3 d6 8. Be3 h6 9. Ne2 b6 10. Ng3 Qd7 11. Bd3 Ba6 12. O-O Na5 13. Qe2 Qa4 14. f4 exf4 15. Bxf4 O-O-O 16. e5 dxe5 17. Bxe5 Bxc4 18. Bxf6 gxf6 19. Rxf6 Rhe8 20. Qf3 Kb8 21. Bxc4 Qxc4 22. Rxf7 Rxd4 23. Rf1 Rd3 24. Qh5 Red8 25. Qxh6 Qxc3 26. Qf4 R3d4 27. Qf3 Qc5 28. Kh1 Nc4 29. Qh5 R4d5 30. Qh7 Ne3 31. Rg1 Rd1 32. Nf1 Ng4 33. h3 Nf2+ 34. Kh2 Qe5+ 35. g3 Ng4+ 36.
hxg4 Rh8 37. Kg2 Rxh7 38. Rf4 Re1 39. Nd2 Re2+ 40. Kf3 Rxd2 0-1

[Event "Early-Titled-Tuesday-Blitz-June-18-2024"]
[Site "Chess.com"]
[Date "2024.06.18"]
[Round "11"]
[White "AlexeiShirov"]
[Black "SahibSinghKnight"]
[Result "0-1"]
[WhiteElo "2851"]
[BlackElo "2718"]
[TimeControl "180+1"]
[EndTime "10:08:16 PDT"]
[Termination "SahibSinghKnight won by resignation"]

1. e4 c5 2. Nf3 d6 3. d4 cxd4 4. Nxd4 Nf6 5. Nc3 a6 6. Be3 e5 7. Nb3 Be7 8. f3 O-O 9. Qd2 Be6 10. O-O-O Nbd7 11. g4 b5 12. g5 b4 13. Ne2 Nh5 14. Ng3 Nf4 15. h4 a5 16. Kb1 a4 17. Nd4 exd4 18.
Bxf4 b3 19. Nf5 bxc2+ 20. Qxc2 Bxf5 21. exf5 Qb6 22. Bc4 Rfc8 23. g6 d5 24. gxf7+ Kf8 25. Rhg1 dxc4 26. Rde1 Bf6 27. Re6 d3 28. Qg2 Qd4 29.
Be3 Qxh4 30. Bf2 Qh5 31. Bg3 Qxf5 32. Bd6+ Kxf7 33. Re7+ Kg8 34. Rxg7+ Kh8 35. Rg4 d2+ 36. Ka1 c3 37. Ba3 c2 0-1

[Event "Early-Titled-Tuesday-Blitz-June-18-2024"]
[Site "Chess.com"]
[Date "2024.06.18"]
[Round "11"]
[White "Bilan_Danila"]
[Black "Cheer_Down"]
[Result "0-1"]
[WhiteElo "2568"]
[BlackElo "2458"]
[TimeControl "180+1"]
[EndTime "10:08:16 PDT"]
[Termination "Cheer_Down won on time"]

1. d4 d5 2. Nf3 Nf6 3. c4 e6 4. Nc3 Nbd7 5. Bg5 h6 6. Bh4 Be7 7. e3 O-O 8. Bd3 c5 9. cxd5 Nxd5 10. Bxe7 Nxe7 11. O-O b6 12. Be4 Rb8 13. Nb5 Nf6 14. Bc2 a6 15. Nc3 cxd4 16. Qxd4 Bb7 17. Ne5 Qxd4 18.
exd4 Rfd8 19. Rfd1 Nc6 20. Nxc6 Bxc6 21. f3 Nd5 22.
Kf2 Kf8 23. Rac1 Rbc8 24. a3 Ke7 25. Be4 Nxc3 26. bxc3 Bd5 27. Ke3 Rc4 28. Bd3 Ra4 29. c4 Ba8 30. Rc3 Rc8 31. Rb3 Rc6 32. Rdb1 Rd6 33.
Rxb6 Rxb6 34. Rxb6 Rxa3 35. c5 a5 36. Ra6 Bd5 37.
Kd2 a4 38. Ra7+ Kf6 39. Be4 Ra2+ 40. Kd3 Ra3+ 41. Kd2 Ra2+ 42. Ke3 Ra3+ 43. Kf4 g5+ 44. Kg4 Bxe4 45. fxe4 Kg6 0-1

[Event "Early-Titled-Tuesday-Blitz-June-18-2024"]
[Site "Chess.com"]
[Date "2024.06.18"]
[Round "11"]
[White "AlphaPerseii"]
[Black "CrimeFightingSpider07"]
[Result "1-0"]
[WhiteElo "2417"]
[BlackElo "2521"]
[TimeControl "180+1"]
[EndTime "10:08:16 PDT"]
[Termination "AlphaPerseii won by resignation"]

1. Nf3 Nf6 2. b3 g6 3. Bb2 Bg7 4. e3 O-O 5. Be2 d5 6. d4 c5 7. c4 Bg4 8. O-O cxd4 9. exd4 Nc6 10. c5 Ne4 11. Nbd2 Nxd2 12. Qxd2 Bxf3 13. Bxf3 e5 14. dxe5 Nxe5 15. Bxe5 Bxe5 16. Rac1 Qc7 17. g3 Rad8 18. Rfd1 d4 19. Qe2 Rfe8 20. Qc4 Re7 21. b4 Red7 22.
Rd3 b6 23. c6 Rd6 24. b5 Bf6 25. Re1 Kf8 26. a4 Re8 27. Rdd1 Rxe1+ 28. Rxe1 d3 29. Rd1 d2 30. Bd5 Rd8 31. Rxd2 Qe7 32. Re2 Qc7 33.
Kg2 Re8 34. Rd2 Rd8 35. Rc2 Be5 36. Bf3 Qd6 37. Qh4 Kg7 38. Qe4 Rc8 39. Re2 Bf6 40. Qd5 Qxd5 41. Bxd5 Kf8 42. f4 Re8 43. Rc2 Ke7 44. c7 Kd7 45. Bc6+ 1-0

[Event "Early-Titled-Tuesday-Blitz-June-18-2024"]
[Site "Chess.com"]
[Date "2024.06.18"]
[Round "11"]
[White "muncettin"]
[Black "EternalNight8"]
[Result "1-0"]
[WhiteElo "2518"]
[BlackElo "2404"]
[TimeControl "180+1"]
[EndTime "10:08:16 PDT"]
[Termination "muncettin won on time"]

1. e4 c5 2. Nc3 d6 3. g3 g6 4. Bg2 Bg7 5. d3 Nc6 6. f4 e6 7. Nf3 Nge7 8. O-O Rb8 9. Be3 b5 10. d4 cxd4 11. Nxd4 b4 12. Nce2 Qc7 13. f5 Nxd4 14.
Nxd4 exf5 15. exf5 Bxf5 16. Nxf5 Nxf5 17. Rxf5 gxf5 18.
Qh5 O-O 19. Qxf5 Qc8 20. Qd3 Qd7 21. Be4 h6 22. Rf1 Rbe8 23. Bd5 Qe7 24. Bf2 Qg5 25.
Qc4 Rc8 26. Qb3 Be5 27. Bxa7 Qg7 28. Kg2 Rc7 29. Be3 Rfc8 30. Rf2 Bf6 31. Qd3 Re7 32. Bf4 Rd8 33. Qf5 Be5 34. Bc1 Rde8 35. Bb3 Bd4 36. Rf3 Re2+ 37. Kh3 Qg5 38. Bxg5 hxg5 39.
Qxg5+ 1-0

[Event "Early-Titled-Tuesday-Blitz-June-18-2024"]
[Site "Chess.com"]
[Date "2024.06.18"]
[Round "11"]
[White "betta2004"]
[Black "KoshkaMatrioshka"]
[Result "1-0"]
[WhiteElo "2481"]
[BlackElo "2575"]
[TimeControl "180+1"]
[EndTime "10:08:17 PDT"]
[Termination "betta2004 won on time"]

1. Nf3 d5 2. b3 h6 3. Bb2 e6 4. e3 Nf6 5. d4 b6 6. Nbd2 Bb7 7.
Bd3 Bd6 8. Qe2 Ne4 9. Ne5 Nxd2 10. Qxd2 Nd7 11. f4 Qh4+ 12. g3 Qe7 13. O-O-O Nxe5 14. fxe5 Ba3 15. Rhf1 Bxb2+ 16. Kxb2 c5 17. Bb5+ Kd8 18. e4 a6 19. Be2 Kc7 20. exd5 exd5 21. Qf4 Rhf8 22. e6+ Qd6 23. exf7 Qxf4 24. Rxf4 Rad8 25. Bh5 Bc6 26. Re1 c4 27. c3 Rd6 28. Re8 Rd8 29.
Re7+ Rd7 30. Re6 Rd6 31. Rxd6 Kxd6 32. h4 Bd7 33. g4 Be6 34. g5 hxg5 35. hxg5 b5 36.
g6 Ke7 37. Bg4 Bxg4 38. Rxg4 Kf6 39. Rg1 a5 40. Rg2 Kf5 41. Kc2 Kf6 42. Kd2 Rb8 43. Rf2+ Ke7 44. Rf5 Rd8 45. Re5+ Kf8 46. bxc4 bxc4 47.
Ke3 a4 48. Kf4 a3 49. Kf5 Rb8 50. Rxd5 Rc8 51. Re5 1-0

[Event "Early-Titled-Tuesday-Blitz-June-18-2024"]
[Site "Chess.com"]
[Date "2024.06.18"]
[Round "11"]
[White "TheBigBoss04"]
[Black "artin10862"]
[Result "1-0"]
[WhiteElo "2844"]
[BlackElo "2933"]
[TimeControl "180+1"]
[EndTime "10:08:18 PDT"]
[Termination "TheBigBoss04 won on time"]

1. d4 e6 2. Nf3 Nf6 3. Bf4 Nh5 4.
Bg3 Nxg3 5. hxg3 d6 6. e4 g6 7. Bd3 Bg7 8. c3 Nd7 9. Qe2 a6 10.
a4 b6 11. Nbd2 Bb7 12. g4 h6 13.
Nc4 Qe7 14. e5 dxe5 15. Ncxe5 Nxe5 16. dxe5 Bxf3 17. Qxf3 O-O 18. Qe3 Rfd8 19. Be4 Rab8 20. O-O Bxe5 21. Bxg6 Qg5 22. Bxf7+ Kxf7 23. f4 Bxf4 24.
Rxf4+ Kg7 25. Raf1 Rf8 26. Qd4+ Kg8 27. Qe4 Rxf4 28.
Rxf4 Re8 29. Rf2 a5 30. Qc6 Re7 31. Qa8+ Kh7 32. Qf8 Rg7 33. Rf4 h5 34. Re4 hxg4 35. Rxe6 g3 36. Qf3 Qc5+ 37. Qe3 Qh5 38. Qe4+ Rg6 39.
Rxg6 Qxg6 40. Qxg6+ Kxg6 41. Kf1 1-0

[Event "Early-Titled-Tuesday-Blitz-June-18-2024"]
[Site "Chess.com"]
[Date "2024.06.18"]
[Round "11"]
[White "SaraBlackPanther"]
[Black "Kirill_Klukin"]
[Result "1/2-1/2"]
[WhiteElo "2721"]
[BlackElo "2863"]
[TimeControl "180+1"]
[EndTime "10:08:19 PDT"]
[Termination "Game drawn by repetition"]

1. d4 Nf6 2. c4 Nc6 3. Nf3 e6 4. a3 d6 5. Nc3 g6 6. g3 Bg7 7. Bg2 O-O 8. O-O e5 9. dxe5 dxe5 10.
Qxd8 Rxd8 11. Bg5 Re8 12. Nd5 Nxd5 13. cxd5 Nd4 14. Nxd4 exd4 15. Rac1 Be5 16. e3 dxe3 17. Bxe3 Bf5 18. b3 Re7 19. Bc5 Bd6 20. b4 a5 21.
b5 Bd3 22. Bxd6 cxd6 23. Rfe1 Rxe1+ 24. Rxe1 Bxb5 25. Rb1 Ba6 26. Rb6 Rd8 27. Bf1 Bxf1 28. Kxf1 Rd7 29. Ke2 Kg7 30. Kd3 Kf6 31. Kd4 Ke7 32.
h4 h5 33. Rb5 Rc7 34. Rxa5 Rc2 35. Ke3 Kf6 36. Rb5 Rc3+ 37. Ke4 Rxa3 38. Rxb7 Ra4+ 39.
Ke3 Ra5 40. Ke4 Ra4+ 41. Ke3 Ra3+ 42. Ke4 Ra2 43. Rd7 Ra4+ 44. Ke3 Ra6 45. Ke4 Ra4+ 46.
Ke3 Ra6 47. f3 Kg7 48. Ke4 Ra4+ 49. Ke3 Ra3+ 50. Kf4 Ra4+ 51. Ke3 Ra6 52. Rc7 Kf6 53. Rd7 Ra3+ 54. Ke4 Ra4+ 55. Ke3 Ra3+ 56. Ke4 Ra4+ 57. Ke3 Ra6 58. g4 hxg4 59. fxg4 Ra3+ 60. Kf4 Ra4+ 61. Kf3 Ra3+ 62. Kf4 Ra4+ 63. Kf3 Ra3+ 64. Kf4 1/2-1/2

[Event "Early-Titled-Tuesday-Blitz-June-18-2024"]
[Site "Chess.com"]
[Date "2024.06.18"]
[Round "11"]
[White "cthulhuuu"]
[Black "Iskusnyh"]
[Result "0-1"]
[WhiteElo "2391"]
[BlackElo "2647"]
[TimeControl "180+1"]
[EndTime "10:08:19 PDT"]
[Termination "Iskusnyh won by checkmate"]

1. e4 e6 2. d3 c5 3. Nf3 Nc6 4. g3 g6 5. Bg2 Bg7 6. O-O e5 7. Nc3 Nge7 8. Nd2 O-O 9. Nc4 d6 10. Nb5 d5 11. exd5 Nxd5 12. Nbd6 Nb6 13. Nxc8 Rxc8 14.
c3 Qd7 15. Be3 Qe7 16. Qb3 Nxc4 17. dxc4 b6 18. Qa4 Qc7 19. Rad1 f5 20. Bd5+ Kh8 21. f4 Ne7 22. Be6 Rcd8 23. Rxd8 Rxd8 24. Rd1 Rxd1+ 25. Qxd1 h5 26. a4 Kh7 27. a5 exf4 28. Bxf4 Be5 29. Bxe5 Qxe5 30. Qd7 Qf6 31. Bd5 Kh6 32. Bf3 Qe5 33.
Qxa7 bxa5 34. Qxa5 f4 35. Qa7 Nf5 36. gxf4 Qe3+ 37.
Kg2 Nh4+ 38. Kg3 Qxf3+ 39. Kxh4 Qg4# 0-1

[Event "Early-Titled-Tuesday-Blitz-June-18-2024"]
[Site "Chess.com"]
[Date "2024.06.18"]
[Round "11"]
[White "DenLaz"]
[Black "Sargsyan_Shant"]
[Result "1/2-1/2"]
[WhiteElo "3087"]
[BlackElo "3004"]
[TimeControl "180+1"]
[EndTime "10:08:20 PDT"]
[Termination "Game drawn by repetition"]

1. d4 Nf6 2. c4 e6 3. Nf3 d5 4. g3 Be7 5. Bg2 O-O 6. O-O dxc4 7. Qc2 a6 8. a4 Bd7 9. Qxc4 Bc6 10. Bg5 Nbd7 11.
Rd1 h6 12. Bxf6 Nxf6 13. Nbd2 a5 14. Qd3 Bb4 15. e4 Qe8 16. b3 Rd8 17. Ne5 Nd7 18. Nxc6 bxc6 19. Qc2 c5 20. dxc5 Nxc5 21. Nc4 Qe7 22.
Ne5 Rd6 23. Nc4 Rdd8 24. e5 Nd7 25. Bc6 Nb6 26. Nb2 Rxd1+ 27. Rxd1 Rd8 28. Nd3 Rd4 29. Bf3 Nd5 30. Bxd5 Rxd5 31. Nxb4 Qxb4 32. Rxd5 exd5 33.
Qxc7 Qxb3 34. Qxa5 Qb1+ 35. Kg2 Qe4+ 36. Kf1 d4 37.
Qe1 Qd3+ 38. Kg2 Qc2 39. e6 Qc6+ 40. f3 fxe6 41. Qe4 Qxa4 42. Qxe6+ Kh8 43. Qc8+ Kh7 44.
Qf5+ Kh8 45. Qc8+ Kh7 46. Qf5+ Kh8 47. Qc8+ 1/2-1/2

[Event "Early-Titled-Tuesday-Blitz-June-18-2024"]
[Site "Chess.com"]
[Date "2024.06.18"]
[Round "11"]
[White "Harry_Rakkel"]
[Black "PeshkaCh"]
[Result "0-1"]
[WhiteElo "2661"]
[BlackElo "2845"]
[TimeControl "180+1"]
[EndTime "10:08:20 PDT"]
[Termination "PeshkaCh won on time"]

1. e4 e5 2. Nf3 Nc6 3. Bc4 Bc5 4. d3 Nf6 5. c3 d6 6. O-O a5 7. Nbd2 h6 8. a4 Ba7 9. Bb3 Ne7 10. Nc4 Ng6 11. Be3 Bg4 12. Bxa7 Rxa7 13. Ne3 Bh5 14. h3 Nf4 15. Kh2 Qd7 16. Nf5 O-O 17. Rh1 Kh8 18. g3 Ng6 19. Qe2 Ra6 20. Rag1 Rb6 21. Bd1 Bxf3 22. Qxf3 Rxb2 23. Nxh6 Nxe4 24.
dxe4 gxh6 25. Re1 Kh7 26. Re2 Rxe2 27. Bxe2 f5 28. exf5 Qxf5 29. Qxf5 Rxf5 30. Kg2 Kg7 31. Bd3 Rf8 32. Re1 Ne7 33. Re4 Rf6 34. Rg4+ Kf8 35.
Rc4 c6 36. Re4 Nd5 37. c4 Nc3 38. Rg4 Nxa4 39. Bh7 Nc5 40. Rg8+ Kf7 41. Ra8 Kg7 42. Bc2 a4 43. Bxa4 Nd3 0-1